 Dungeon Crawl Stone Soup version 0.30.1-11-g7821555f0a (webtiles) character file.

Game seed: 8414657218380639587

1459 bnorton916 the Firebug (level 8, -5/41 HPs)
             Began as a Deep Elf Fire Elementalist on Nov 27, 2023.
             Was an Initiate of Gozag.
             Killed from afar by a steam dragon (15 damage)
             ... with a ball of steam
             ... on level 6 of the Dungeon.
             The game lasted 00:14:35 (11380 turns).

bnorton916 the Firebug (DEFE)                      Turns: 11380, Time: 00:14:35

Health: -5/41      AC:  6    Str:  5    XL:     8   Next: 48%
Magic:  9/18       EV: 12    Int: 23    God:    Gozag
Gold:   542        SH:  0    Dex: 15    Spells: 5/18 levels left

rFire   . . .        (no weapon)
rCold   . . .        (no shield)
rNeg    + . .        a - +1 robe
rPois   .            (no helmet)
rElec   .            (no cloak)
rCorr   .            B - +2 pair of gloves
SInv    .            (no boots)
Will    .....        (no amulet)
Stlth   ++           F - ring of positive energy
HPRegen 0.26/turn    (no ring)
MPRegen 0.16/turn

%: no passive effects
@: no status effects
A: no striking features
a: Renounce Religion, Potion Petition, Call Merchant, Bribe Branch


You were on level 6 of the Dungeon.
You worshipped Gozag.
Gozag was pleased with you.
You visited 2 branches of the dungeon, and saw 7 of its levels.
You also visited: Ossuary.

You collected 612 gold pieces.
You paid 70 gold pieces to Gozag.

Inventory:

Hand Weapons
 x - a +1 whip of electrocution
Missiles
 h - 5 datura-tipped darts
 n - 2 atropa-tipped darts (quivered)
 C - 6 javelins
 D - 2 poisoned darts
Armour
 a - a +1 robe (worn)
 B - a +2 pair of gloves (worn)
Magical Staves
 l - a staff of death
Jewellery
 E - the amulet "Mev Lafi" {Acrobat -Tele rC+ rCorr}
   (You found it on level 5 of the Dungeon)

   [amulet of the acrobat]

   It increases your evasion while moving and waiting.
   rC:        It protects you from cold.
   -Tele:     It prevents most forms of teleportation.
   rCorr:     It protects you from acid and corrosion.
 F - a ring of positive energy (left hand)
Wands
 w - a wand of paralysis (6)
 A - a wand of flame (22)
Scrolls
 c - 2 scrolls of enchant armour
 d - 3 scrolls of poison
 i - 3 scrolls of enchant weapon {unknown}
 j - 5 scrolls of noise
 k - 5 scrolls of teleportation
 u - 4 scrolls of magic mapping
 y - 2 scrolls of fog {unknown}
Potions
 b - 2 potions of magic
 e - a potion of attraction
 f - 2 potions of cancellation {unknown}
 g - a potion of ambrosia
 m - 6 potions of curing {unknown}
 o - 3 potions of invisibility {unknown}
 p - 3 potions of lignification {unknown}
 q - 4 potions of mutation
 r - 8 potions of degeneration
 s - 2 potions of brilliance {unknown}
 t - 2 potions of resistance {unknown}
 v - 3 potions of might {unknown}
 z - a potion of berserk rage {unknown}


   Skills:
 - Level 2.4 Dodging
 - Level 2.4 Stealth
 + Level 5.8 Spellcasting
 + Level 6.4 Conjurations
 - Level 7.1 Fire Magic
 + Level 2.9 Ice Magic
 - Level 3.0 Air Magic
 - Level 3.0 Poison Magic


You had 5 spell levels left.
You knew the following spells:

 Your Spells              Type           Power      Damage    Failure   Level
a - Foxfire               Conj/Fire      100%       2x1d9     1%          1
b - Scorch                Fire           78%        2d8       1%          2
c - Mephitic Cloud        Conj/Pois/Air  25%        N/A       4%          3
d - Volatile Blastmotes   Fire/Tloc      46%        2d13      6%          3
e - Flame Wave            Conj/Fire      37%        2d10      5%          4

Your spell library contained the following spells:

 Spells                   Type           Power      Damage    Failure   Level
 Poisonous Vapours        Pois/Air       40%        N/A       3%          2
 Inner Flame              Hex/Fire       23%        N/A       6%          3
 Portal Projectile        Hex/Tloc       12%        N/A       26%         3
 Tukima's Dance           Hex            6%         N/A       26%         3
 Freezing Cloud           Conj/Ice/Air   12%        6-21      41%         5
 Blade Hands              Tmut           3%         N/A       94%         5


Dungeon Overview and Level Annotations

Branches:
Dungeon (6/15)             Temple (1/1) D:4         Ossuary (visited)

Altars:
Cheibriados
Dithmenos
Elyvilon
Fedhas
Gozag
Hepliaklqana
Makhleb
Nemelex Xobeh
Okawaru
Qazlal
Sif Muna
Trog
Uskayaw
Vehumet
Xom
Yredelemnul


Message History

Casting: Volatile Blastmotes (dangerous; 6% risk of failure)
Confirm with . or Enter, or press ? or * to list all spells.
You conjure some foxfire!
Casting: Foxfire (safe; 1% risk of failure)
Confirm with . or Enter, or press ? or * to list all spells.
You conjure some foxfire!
Casting: Foxfire (safe; 1% risk of failure)
Confirm with . or Enter, or press ? or * to list all spells.
You conjure some foxfire!
The foxfire hits the steam dragon.
The steam dragon is lightly wounded.
Your foxfire dissipates!
Casting: Foxfire (safe; 1% risk of failure)
Confirm with . or Enter, or press ? or * to list all spells.
Flames lash the steam dragon.
The steam dragon is moderately wounded.
The steam dragon's fire resistance burns away.
The steam dragon completely misses you. The steam dragon claws you.
Unknown command.
Casting: Scorch (safe; 1% risk of failure)
Confirm with . or Enter, or press ? or * to list all spells.
Flames lash the steam dragon.
The steam dragon is burned terribly!
The steam dragon is heavily wounded.
The steam dragon barely misses you.
The steam dragon claws you but does no damage.
The steam dragon bites you.
The steam dragon claws you but does no damage.
Unknown command.
Casting: Scorch (safe; 1% risk of failure)
Confirm with . or Enter, or press ? or * to list all spells.
Flames lash the steam dragon but do no damage.
The steam dragon bites you! The steam dragon barely misses you.
The steam dragon breathes steam at you. The ball of steam hits you!
* * * LOW HITPOINT WARNING * * *
Unknown command.
The steam dragon breathes steam at you. The ball of steam hits you!
You die...
Your body crumbles into a pile of gold.

.###..## #.#
.#...## #.#
...### #.#
.### #.# ##
#.# # #.#
######..#
#.#
####.§..D...
#.###v...#
#@##..####
#§D..##
######


You could see a steam dragon (catching breath, combustible).

Vanquished Creatures
  Pikel (D:4)
  A black bear (D:4)
  2 ogres (D:5)
  4 lemures
  2 scorpions (D:5)
  A howler monkey (D:4)
  A centaur zombie (Ossuary)
  A jelly (D:5)
  A hound (D:5)
  2 human zombies (Ossuary)
  A sleepcap (D:5)
  2 orc wizards
  A hound skeleton (D:2)
  4 mummies (Ossuary)
  8 gnolls
  13 adders
  An ufetubus (D:5)
  An adder zombie (D:2)
  A worm (D:3)
  2 dart slugs
  14 orcs
  A bat skeleton (D:2)
  3 bat zombies (D:2)
  4 endoplasms
  3 giant cockroaches
  A gnoll zombie (Ossuary)
  3 goblins
  7 hobgoblins
  4 jackals
  A quokka (D:1)
  8 ball pythons
  2 ball python skeletons (D:2)
  A ball python zombie (D:2)
  4 frilled lizards
  6 kobolds
  A kobold zombie (Ossuary)
  3 orc zombies (Ossuary)
  2 quokka skeletons (D:2)
  A quokka zombie (D:4)
  6 rats
  A rat zombie (D:4)
126 creatures vanquished.

Vanquished Creatures (collateral kills)
  6 foxfires (D:2)
6 creatures vanquished.

Vanquished Creatures (others)
  478 foxfires
478 creatures vanquished.

Grand Total: 610 creatures vanquished

Notes
Turn   | Place    | Note
-------+----------+-------------------------------------------
     0 | D:1      | bnorton916 the Deep Elf Fire Elementalist began the quest
                  | for the Orb.
     0 | D:1      | Reached XP level 1. HP: 10/10 MP: 6/6
   245 | D:1      | Reached XP level 2. HP: 15/15 MP: 5/8
   616 | D:1      | Learned a level 2 spell: Scorch
  1668 | D:2      | Reached XP level 3. HP: 18/19 MP: 6/10
  1669 | D:2      | Reached skill level 4 in Fire Magic
  1934 | D:2      | Reached XP level 4. HP: 24/24 MP: 7/12
  2119 | D:2      | Found a faded altar of an unknown god.
  2640 | D:2      | Learned a level 3 spell: Mephitic Cloud
  3475 | D:3      | Reached XP level 5. HP: 28/28 MP: 9/13
  3478 | D:3      | Reached skill level 1 in Poison Magic
  3593 | D:3      | Reached skill level 1 in Air Magic
  3676 | D:3      | Found an iron altar of Okawaru.
  4173 | D:4      | Found a sand-covered staircase.
  4199 | D:4      | Learned a level 3 spell: Volatile Blastmotes
  4200 | Ossuary  | Entered an ossuary
  4625 | Ossuary  | Reached XP level 6. HP: 12/32 MP: 4/14
  5274 | Ossuary  | Reached skill level 5 in Fire Magic
  6358 | D:4      | Noticed Pikel
  6838 | D:4      | Learned a level 4 spell: Flame Wave
  6996 | D:4      | Found a staircase to the Ecumenical Temple.
  7008 | Temple   | Entered the Ecumenical Temple
  7155 | Temple   | Became a worshipper of Gozag Ym Sagoz the Greedy
  7956 | D:4      | Reached XP level 7. HP: 36/36 MP: 13/15
  8052 | D:4      | Found a snail-covered altar of Cheibriados.
  8062 | D:5      | Entered Level 5 of the Dungeon
  8279 | D:4      | Killed Pikel
  8280 | D:4      | Reached skill level 5 in Conjurations
  8280 | D:4      | Reached skill level 7 in Fire Magic
  8280 | D:4      | Reached XP level 8. HP: 41/41 MP: 1/16
  8990 | D:5      | Reached skill level 1 in Ice Magic
  9343 | D:5      | Identified the amulet "Mev Lafi" {Acrobat -Tele rC+ rCorr}
  9468 | D:5      | Reached skill level 5 in Spellcasting
 11114 | D:6      | Found a shadowy altar of Dithmenos.
 11380 | D:6      | Killed from afar by a steam dragon

Illustrated notes

Levels and vault maps discovered:
D:1:      dpeg_arrival_erosion, layout_loops_cross
D:2:      layout_loops_corners, serial_undead, serial_undead_e, serial_undead_d,
          serial_undead_b, serial_undead_e, serial_undead_f, serial_undead_e,
          ebering_ecumenical_altar_mist
D:3:      layout_basic, okawaru_ov_weapons_minmay
D:4:      layout_rooms, mainiacjoe_overflow_cross_hatched,
          minmay_temple_entry_gardened_gates, enter_ossuary_4,
          minmay_close_crescents, uniq_pikel
D:5:      layout_layer_cave, minivault_1
D:6:      layout_rooms, grunt_dithmenos_smoke, nicolae_ru_path_of_blood
Temple:   hellmonk_temple_forest_ring

Skill      XL: |  1  2  3  4  5  6  7  8 |
---------------+-------------------------+-----
Conjurations   | 2 3 4 5 6 |  6.4
Fire Magic     | 4 5 7 |  7.1
Spellcasting   | 4 5 |  5.8
Poison Magic   | 2 3 |  3.0
Air Magic      | 1 2 3 |  3.0
Ice Magic      | 2 |  2.9
Dodging        | |  2.4
Stealth        | |  2.4

Action                     |  1- 3 |  4- 6 |  7- 9 || total
---------------------------+-------+-------+-------++-------
  Melee: Unarmed           |     1 |       |       ||     1
  Throw: Dart              |       |     2 |     5 ||     7
   Cast: Foxfire           |    96 |   118 |    80 ||   294
         Scorch            |     4 |    69 |    18 ||    91
         Mephitic Cloud    |       |     2 |     2 ||     4
         Volatile Blastmot |       |       |     1 ||     1
    Use: Scroll            |       |     8 |     1 ||     9
         Potion            |       |     1 |       ||     1
 Armour: Robe              |     9 |    15 |     4 ||    28
  Dodge: Dodged            |    17 |    37 |    12 ||    66
